 Dungeon Crawl Stone Soup version 0.27.0-1-g7a089689b8 (webtiles) character file.

Game seed: 10313431324847808068

77 ZombieSheep the Skirmisher (level 4, 0/37 HPs)
             Began as a Demonspawn Monk on Aug 2, 2021.
             Slain by a white imp (1 damage)
             ... summoned by Natasha
             ... on level 3 of the Dungeon.
             The game lasted 00:03:27 (3105 turns).

ZombieSheep the Skirmisher (Demonspawn Monk)        Turns: 3105, Time: 00:03:27

Health: 0/37       AC:  9    Str: 12    XL:     4   Next: 13%
Magic:  4/4        EV: 11    Int: 13    God:
Gold:   96         SH:  0    Dex: 16    Spells: 3/3 levels left

rFire    . . .     SeeInvis .   a - +0 hand axe
rCold    . . .     Faith    .   (no shield)
rNeg     . . .     Spirit   .   i - +1 ring mail
rPois    .         Reflect  .   (no helmet)
rElec    .         Harm     .   (no cloak)
rCorr    .         Rampage  .   f - +2 pair of gloves
Will     .....                  (no boots)
Stlth    +.........             (no amulet)
HPRegen  0.12/turn              (no ring)
MPRegen  0.09/turn              (no ring)

@: no status effects
A: demonic guardian 1, big brain 1
a: no special abilities


You were on level 3 of the Dungeon.
You visited 1 branch of the dungeon, and saw 3 of its levels.

You collected 96 gold pieces.

Inventory:

Hand Weapons
 a - a +0 hand axe (weapon)
Armour
 f - a +2 pair of gloves (worn)
 i - a +1 ring mail (worn)
Scrolls
 c - a scroll of blinking {unknown}
 d - a scroll of amnesia {unknown}
 e - a scroll of identify
 g - a scroll of teleportation
Potions
 b - 2 potions of curing {unknown}


   Skills:
 * Level 3.9 Fighting
 + Level 3.1 Axes
 + Level 1.1 Armour
 + Level 3.1 Dodging
 - Level 1.7 Stealth


You had 3 spell levels left.
You didn't know any spells.
Your spell library contained the following spells:

 Spells                   Type           Power      Damage    Failure   Level
 Beastly Appendage        Tmut           0%         N/A       56%         1
 Magic Dart               Conj           0%         1d3       56%         1
 Call Imp                 Summ           0%         N/A       71%         2
 Wereblood                Tmut           0%         N/A       71%         2
 Mephitic Cloud           Conj/Pois/Air  0%         N/A       91%         3
 Spider Form              Tmut/Pois      0%         N/A       91%         3


Dungeon Overview and Level Annotations

Branches:
Dungeon (3/15)

Altars:

Annotations:
D:3 Natasha


Innate Abilities, Weirdness & Mutations

A weak demonic guardian rushes to your aid.
You have an unusually large brain. (Int +2)


Message History

Natasha hisses angrily.
Found an escape hatch in the ceiling.
Natasha closely misses you.
You closely miss Natasha.
Natasha stares at you and mumbles some strange words.
You resist with some effort.
You closely miss Natasha. Natasha claws you.
Your ring mail prevents you from hitting Natasha.
Natasha claws you but does no damage. Natasha misses you.
Your ring mail prevents you from hitting Natasha.
Natasha claws you.
A demonic guardian appears!
You barely miss Natasha. Natasha closely misses you.
You barely miss Natasha. Natasha claws you but does no damage.
You barely miss Natasha. Natasha claws you but does no damage.
You closely miss Natasha.
Natasha mumbles some strange words.
You hit Natasha but do no damage. You hit the white imp but do no damage.
Natasha stares at you and mumbles some strange words.
The magic dart hits you but does no damage.
The white imp hits you but does no damage.
You closely miss Natasha. You hit the white imp but do no damage.
Natasha claws you but does no damage. The white imp gestures at you.
The puff of frost hits you!
You hit Natasha but do no damage. You hit the white imp.
Natasha closely misses you.
The white imp lashes its tail.
The white imp gestures at you. The puff of frost hits you!
You hit Natasha but do no damage. You hit the white imp. Natasha claws you.
* * * LOW HITPOINT WARNING * * *
The white imp hits you but does no damage.
Natasha barely misses you.
You closely miss Natasha. You closely miss the white imp.
The white imp gestures at you. The puff of frost hits you!
* * * LOW HITPOINT WARNING * * *
Natasha misses you.
You closely miss Natasha. You hit the white imp. The white imp hits you.
You die...

.## ..# #<# #.#
#.# ####.######
#..55.....#
#.##@####.#
#.##h####.#
#.##.##...#######
#.##.##.#........
#.##.##...######
#.##(###.........
#.##.###.########
#.##.##...##
#.##.#.#.#.#


You could see Natasha (ally target), a white imp (summoned) and a friendly
ufetubus (summoned).

Vanquished Creatures
  2 adders (D:2)
  An orc (D:3)
  4 endoplasms (D:1)
  3 giant cockroaches
  4 hobgoblins
  11 jackals
  A quokka (D:3)
  3 ball pythons
  3 frilled lizards
  5 goblins
  5 kobolds
  4 rats
46 creatures vanquished.

Vanquished Creatures (collateral kills)
  An adder (D:2)
1 creature vanquished.

Grand Total: 47 creatures vanquished

Notes
Turn   | Place    | Note
-------+----------+-------------------------------------------
     0 | D:1      | ZombieSheep the Demonspawn Monk began the quest for the
                  | Orb.
     0 | D:1      | Reached XP level 1. HP: 18/18 MP: 1/1
   348 | D:1      | Gained mutation: You have an unusually large brain. (Int
                  | +2) [demonic ancestry]
   348 | D:1      | Reached XP level 2. HP: 18/24 MP: 2/2
  1230 | D:1      | Gained mutation: A weak demonic guardian rushes to your
                  | aid. [demonic ancestry]
  1230 | D:1      | Reached XP level 3. HP: 26/29 MP: 3/3
  1571 | D:2      | Reached skill level 1 in Armour
  1579 | D:2      | HP: 1/29 [adder (4)]
  2385 | D:2      | Reached XP level 4. HP: 8/37 MP: 4/4
  3090 | D:3      | Noticed Natasha
  3104 | D:3      | HP: 1/37 [white imp/puff of frost[Natasha] (8)]
  3105 | D:3      | Slain by a white imp

Illustrated notes

Levels and vault maps discovered:
D:1:      dpeg_arrival_castle, layout_basic
D:2:      layout_basic
D:3:      layout_loops_ring, chequers_ecumenical_altar_island, uniq_natasha

Skill      XL: |  1  2  3 |
---------------+----------+-----
Dodging        | 3 |  3.1
Axes           | 3 |  3.1
Armour         | 1 |  1.1
Fighting       | |  3.9
Stealth        | |  1.7

Action                   |  1- 3 |  4- 6 || total
-------------------------+-------+-------++-------
Melee: Hand axe          |   146 |    30 ||   176
  Use: Scroll            |     2 |     2 ||     4
       Potion            |     1 |       ||     1
 Stab: Sleeping          |     3 |       ||     3
Armor: Robe              |     1 |       ||     1
       Leather armour    |    13 |       ||    13
       Ring mail         |    35 |    11 ||    46
Dodge: Dodged            |   113 |    15 ||   128
